 Dungeon Crawl Stone Soup version 0.23-a0-275-g0cf4261 (webtiles) character file.

63 HarryHood the Cudgeler (level 4, -5/28 HPs)
             Began as a Gargoyle Monk on Oct 3, 2018.
             Slain by a gnoll
             ... wielding a +0 flail
              (9 damage)
             ... on level 2 of the Dungeon.
             The game lasted 00:05:52 (999 turns).

HarryHood the Cudgeler (Gargoyle Monk)               Turns: 999, Time: 00:05:53

Health: -5/28      AC: 11    Str: 15    XL:     4   Next: 10%
Magic:  4/4        EV: 11    Int: 11    God:
Gold:   97         SH:  0    Dex: 12    Spells: 3/3 levels left

rFire    . . .     SeeInvis .   a - +0 mace
rCold    . . .     Gourm    .   (no shield)
rNeg     + . .     Faith    .   h - +0 ring mail
rPois    ∞         Spirit   .   (no helmet)
rElec    +         Reflect  .   (no cloak)
rCorr    .         Harm     .   (no gloves)
MR       .....                  f - +2 pair of boots {Fly}
Stlth    +.........             (no amulet)
HPRegen  0.09/turn              (no ring)
MPRegen  0.09/turn              (no ring)

@: flying
A: negative energy resistance 1, electricity resistance, unbreathing,
petrification resistance, rot immunity, AC +3
a: Stop Flying


You were on level 2 of the Dungeon.
You were hungry.

You visited 1 branch of the dungeon, and saw 2 of its levels.

You collected 97 gold pieces.

Inventory:

Hand Weapons
 a - a +0 mace (weapon)
Missiles
 b - 27 sling bullets
 k - 51 stones (quivered)
Armour
 f - a +2 pair of boots of flying (worn)
 h - a +0 ring mail (worn)
Potions
 c - 2 potions of heal wounds {@q1}
 i - a potion of mutation {unknown}
 l - 2 potions of might {unknown}
Comestibles
 d - 3 chunks of flesh
 e - 5 rations {@e1}


   Skills:
 - Level 3.2 Fighting
 + Level 4.8 Maces & Flails
 - Level 2.4 Dodging
 - Level 2.1 Stealth


You had 3 spell levels left.
You didn't know any spells.
Your spell library was empty.

Dungeon Overview and Level Annotations

Branches:
Dungeon (2/15)

Altars:


Innate Abilities, Weirdness & Mutations

You are resistant to torment.
Your stone body is resilient. (AC +3)
You are immune to poison.
You resist negative energy. (rN+)
You are resistant to electric shocks. (rElec)
You can survive without breathing.
You are immune to petrification.
You are immune to rotting.


Message History

You kill the gnoll!
You have reached level 4!
You feel clever.
You regained 3 hp, and now have 15/28 hp.
MP restored: 4 You barely miss the gnoll.
The gnoll hits you with a flail.
You take 3 damage, and have 12/28 hp.
You barely miss the gnoll. The gnoll barely misses you.
You closely miss the gnoll. The gnoll misses you.
You hit the gnoll. The gnoll hits you with a flail.
You take 2 damage, and have 10/28 hp.
You sock the gnoll! The gnoll completely misses you.
You closely miss the gnoll. The gnoll hits you with a flail.
* * * LOW HITPOINT WARNING * * *
You take 6 damage, and have 4/28 hp.
MASSIVE DAMAGE!!
You are feeling hungry.
You hit the gnoll but do no damage. The gnoll barely misses you.
You hit the gnoll. The gnoll closely misses you.
You barely miss the gnoll. The gnoll hits you with a flail!
You die...

.........#
#..........##.
.........#
#...........#.
.....###.#
#...........##
...[. #.#
#...........#
.....###.#
#...........#
.........#
#.........>.##
#..####.#
#.............
#.#
##############
#@# #g# #r#
#g# .b. ...
... .....


You could see 2 gnolls, a bat and a rat.

Vanquished Creatures
  2 gnolls (D:2)
  A dart slug (D:1)
  A leopard gecko (D:1)
  A giant cockroach (D:2)
  6 goblins (D:1)
  4 hobgoblins
  2 jackals (D:1)
  7 kobolds (D:1)
  A ball python (D:1)
  8 bats
  2 frilled lizards (D:1)
  4 rats
39 creatures vanquished.

Notes
Turn   | Place    | Note
-------+----------+-------------------------------------------
     0 | D:1      | HarryHood the Gargoyle Monk began the quest for the Orb.
     0 | D:1      | Reached XP level 1. HP: 14/14 MP: 1/1
   110 | D:1      | Reached XP level 2. HP: 19/19 MP: 2/2
   328 | D:1      | Reached skill level 4 in Maces & Flails
   428 | D:1      | Reached XP level 3. HP: 22/23 MP: 3/3
   990 | D:2      | Reached XP level 4. HP: 14/28 MP: 4/4
   999 | D:2      | Slain by a gnoll

Vault maps used:
D:1:      lordsloth_arrival_two_stooges

Skill      XL: |  1  2 |
---------------+-------+-----
Maces & Flails | 4 |  4.8
Fighting       | |  3.2
Dodging        | |  2.4
Stealth        | |  2.1

Action                   |  1- 3 |  4- 6 || total
-------------------------+-------+-------++-------
Melee: Mace              |   108 |     9 ||   117
  Use: Scroll            |     4 |       ||     4
Armor: Robe              |     5 |       ||     5
       Leather armour    |     3 |       ||     3
       Ring mail         |    51 |       ||    51
Dodge: Dodged            |    75 |     5 ||    80

Table legend:
 A = Non-vault XP
 B = Vault XP
 C = Vault XP percentage of total XP
 D = Non-vault monster count
 E = Vault monster count
 F = Vault count percentage of total count
                 A         B        C        D         E       F
            +---------+---------+-------+---------+---------+-------
      Total |      91 |       0 |   0.0 |      39 |       0 |   0.0
            +---------+---------+-------+---------+---------+-------
        D:1 |      55 |       0 |   0.0 |      32 |       0 |   0.0
        D:2 |      36 |       0 |   0.0 |       7 |       0 |   0.0
            +---------+---------+-------+---------+---------+-------
